 Dungeon Crawl Stone Soup version 0.28-a0-1447-ga5a8893891 (webtiles) character file.

Game seed: 14806400834693579545

1261 bladeefan the Skirmisher (level 8, -4/102 HPs)
             Began as a Demonspawn Fighter on Jan 11, 2022.
             Killed from afar by a smoke demon (10 damage)
             ... with a ball of steam
             ... summoned by a kobold demonologist
             ... on level 5 of the Dungeon.
             The game lasted 00:10:01 (6549 turns).

bladeefan the Skirmisher (Demonspawn Fighter)       Turns: 6549, Time: 00:10:02

Health: -4/102     AC: 31    Str: 18    XL:     8   Next: 27%
Magic:  8/8        EV:  2    Int: 12    God:
Gold:   204        SH:  4    Dex: 13    Spells: 7/7 levels left

rFire   . . .      SeeInvis .   e - +0 flail (protect)
rCold   . . .      Faith    .   c - +0 buckler
rNeg    . . .      Spirit   .   (armour currently unavailable)
rPois   +          Reflect  .   (helmet currently unavailable)
rElec   .          Harm     .   (cloak currently unavailable)
rCorr   .          Rampage  .   (gloves currently unavailable)
Will    .....      NoTele   +   (boots currently unavailable)
Stlth   +.........              (no amulet)
HPRegen 0.27/turn               (no ring)
MPRegen 0.11/turn               (no ring)

@: lethally poisoned (-4 -> -7), tree-form, spiked, under a protective aura
A: stationary, stasis, torment immunity, boosted hp, (horns 1), foul stench 1,
big brain 1
a: no special abilities


You were on level 5 of the Dungeon.
You were a tree.
You visited 1 branch of the dungeon, and saw 5 of its levels.

You collected 204 gold pieces.

Inventory:

Hand Weapons
 e - a +0 flail of protection (weapon)
   (You took it off an orc on level 5 of the Dungeon)
Armour
 a - the +5 leather armour of Salalil {rC+ rCorr}
   (You found it on level 3 of the Dungeon)

   rC:        It protects you from cold.
   rCorr:     It protects you from acid and corrosion.
 b - a +1 cloak (melded)
   (You found it on level 3 of the Dungeon)
 c - a +0 buckler (worn)
 j - a +0 pair of gloves (melded)
   (You found it on level 2 of the Dungeon)
 l - a +4 chain mail (melded)
   (You took it off Terence on level 3 of the Dungeon)
Scrolls
 d - a scroll of enchant armour {unknown}
 h - 2 scrolls of fog
 o - a scroll of brand weapon {unknown}
Potions
 i - a potion of mutation {!q}
 k - a potion of berserk rage {unknown}
 m - 2 potions of attraction {unknown}
 n - a potion of magic {unknown}


   Skills:
 * Level 7.7 Fighting
 + Level 4.8 Maces & Flails
 + Level 5.2 Armour
 - Level 2.6 Shields


You had 7 spell levels left.
You didn't know any spells.
Your spell library contained the following spells:

 Spells                   Type           Power      Damage    Failure   Level
 Animate Skeleton         Necr           0%         N/A       41%         1
 Apportation              Tloc           0%         N/A       41%         1
 Foxfire                  Conj/Fire      0%         2x1d4     41%         1
 Magic Dart               Conj           0%         1d3       41%         1
 Pain                     Necr           0%         1d4       41%         1
 Summon Small Mammal      Summ           0%         N/A       41%         1
 Blink                    Tloc           0%         N/A       54%         2
 Searing Ray              Conj           0%         2d4       54%         2
 Conjure Flame            Conj/Fire      0%         6-21      78%         3
 Ignite Poison            Fire/Tmut/Pois 0%         N/A       78%         3
 Inner Flame              Hex/Fire       0%         N/A       78%         3
 Mephitic Cloud           Conj/Pois/Air  0%         N/A       78%         3
 Vampiric Draining        Necr           0%         2d6       78%         3
 Cause Fear               Hex            0%         N/A       99%         4
 Flame Wave               Conj/Fire      0%         2d4       99%         4
 Fulminant Prism          Conj/Hex       0%         3d6       99%         4
 Freezing Cloud           Conj/Ice/Air   0%         6-21      100%        5
 Manifold Assault         Tloc           0%         N/A       100%        5
 Storm Form               Tmut/Air       0%         N/A       100%        7
 Discord                  Hex            0%         N/A       100%        8


Dungeon Overview and Level Annotations

Branches:
Dungeon (5/15)
 Temple: D:4-7

Altars:

Shops:
D:5 [


Innate Abilities, Weirdness & Mutations

You are a tree.
Your roots penetrate the ground, keeping you stationary.
You cannot be teleported.
You are immune to unholy pain and torment.
Your maximum health is greatly increased.
Your equipment is partially melded.
((You have a pair of small horns on your head.))
You may rarely emit foul miasma when damaged in melee.
You have an unusually large brain. (Int +2)


Message History

The red devil hits you but does no damage.
You block the kobold's attack. The kobold closely misses you.
Really quaff
g - a potion of lignification {!q}?
Uppercase [Y]es or [N]o only, please.
Really quaff
g - a potion of lignification {!q}?
Really quaff the potion of lignification?
You turn into a tree.
Your +1 cloak melds into your body.
Your +0 pair of gloves melds into your body.
Your +4 chain mail melds into your body.
Your roots penetrate the ground.
You feel sick.
The kobold demonologist casts a spell.
You block the shadow imp's attack.
The iron imp hits you but does no damage.
You block the red devil's attack.
The kobold hits you but does no damage. x2
You hit the kobold demonologist.
Your weapon exudes an aura of protection.
You feel very sick.
The kobold demonologist hits you but does no damage.
The shadow imp grinds its teeth.
The shadow imp hits you but does no damage.
The red devil hits you but does no damage.
The kobold hits you but does no damage. The iron imp hits you.
* * * LOW HITPOINT WARNING * * *
The kobold hits you but does no damage.
You hit the kobold demonologist.
You carefully extract the barbed spikes from your body.
You feel sick.
The kobold demonologist hits you but does no damage.
The shadow imp hits you but does no damage.
The red devil hits you but does no damage.
The kobold hits you but does no damage. The iron imp hits you.
* * * LOW HITPOINT WARNING * * *
The kobold hits you but does no damage. The smoke demon hits you.
* * * LOW HITPOINT WARNING * * *
The smoke demon hits you.
* * * LOW HITPOINT WARNING * * *
You block the smoke demon's attack.
You block the kobold demonologist's attack.
The shadow imp hits you but does no damage.
As you read the scroll labelled LUTONI ONGOAH, it crumbles to dust.
You hear a loud clanging noise!
It was a scroll of noise.
You feel sick.
You hear an angry growl.
You hear an angry hiss.
The red devil hits you with a +0 trident.
* * * LOW HITPOINT WARNING * * *
Barbed spikes become lodged in your body.
The kobold hits you but does no damage. The smoke demon gestures at you.
The ball of steam hits you!
You die...

.........)###..........#
............#......[...#
).)....................# ##
#......................######.#
.............................#
##..............∩............#
##......................†...#
##...........5K5...........#
...........5K♣............#
.#..........43K.......#####
##....................##
##.....................##
#.................<.....#
.............>..........#
.......................##
....##....##..........## ...
#K.####..........#


You could see a kobold demonologist, a smoke demon (summoned), a red devil
(summoned), an iron imp (summoned), 2 shadow imps and 2 kobolds.

Vanquished Creatures
  Sigmund (D:2)
  Menkaure (D:5)
  2 kobold brigands (D:5)
  2 scorpions (D:4)
  A water moccasin zombie (D:5)
  A jelly (D:5)
  A gnoll shaman (D:5)
  An orc priest (D:3)
  A hound (D:4)
  Jessica (D:3)
  Terence (D:3)
  3 iguanas
  An orc wizard (D:3)
  A hound zombie (D:4)
  A hound skeleton (D:4)
  Robin (D:2)
  8 gnolls
  3 adders (D:4)
  3 worms
  8 orcs
  10 bats
  4 endoplasms
  3 giant cockroaches
  18 goblins
  9 hobgoblins
  3 jackals (D:4)
  A quokka (D:4)
  4 ball pythons
  4 frilled lizards
  11 kobolds
  6 rats
115 creatures vanquished.

Vanquished Creatures (collateral kills)
  A wyvern (D:4)
1 creature vanquished.

Grand Total: 116 creatures vanquished

Notes
Turn   | Place    | Note
-------+----------+-------------------------------------------
     0 | D:1      | bladeefan the Demonspawn Fighter began the quest for the
                  | Orb.
     0 | D:1      | Reached XP level 1. HP: 18/18 MP: 1/1
   199 | D:1      | Gained mutation: You may rarely emit foul miasma when
                  | damaged in melee. [demonic ancestry]
   199 | D:1      | Reached XP level 2. HP: 23/24 MP: 2/2
   677 | D:2      | HP: 1/24 [worm (7)]
  1080 | D:2      | Noticed Sigmund
  1098 | D:2      | Killed Sigmund
  1099 | D:2      | Reached skill level 4 in Fighting
  1099 | D:2      | Gained mutation: You have an unusually large brain. (Int
                  | +2) [demonic ancestry]
  1099 | D:2      | Reached XP level 3. HP: 7/32 MP: 3/3
  1099 | D:2      | Gained mutation: You have a pair of small horns on your
                  | head. [demonic ancestry]
  1099 | D:2      | Reached XP level 4. HP: 8/38 MP: 4/4
  1099 | D:2      | Reached XP level 5. HP: 9/43 MP: 5/5
  1368 | D:2      | Identified the +2 pair of boots "Socaq" {rC+ Str+5 Slay-5}
  1615 | D:2      | Found a faded altar of an unknown god.
  1680 | D:2      | Identified the -2 helmet "Safenush" {Int+2}
  1680 | D:2      | Noticed Robin
  1860 | D:1      | Reached skill level 5 in Fighting
  2126 | D:2      | Killed Robin
  2778 | D:3      | Noticed Jessica
  2785 | D:3      | Killed Jessica
  2892 | D:3      | Reached XP level 6. HP: 45/51 MP: 6/6
  3039 | D:3      | Noticed Terence
  3051 | D:3      | Killed Terence
  3135 | D:3      | Identified the +5 leather armour of Salalil {rC+ rCorr}
  3920 | D:4      | Noticed a wyvern
  4279 | D:4      | Reached skill level 6 in Fighting
  4643 | D:4      | Reached XP level 7. HP: 45/58 MP: 7/7
  4860 | D:4      | Killed a wyvern
  5461 | D:5      | Entered Level 5 of the Dungeon
  5584 | D:5      | Found Qucod's Antique Armour Emporium.
  5818 | D:5      | Reached skill level 7 in Fighting
  6244 | D:5      | Reached skill level 5 in Armour
  6244 | D:5      | Reached XP level 8. HP: 67/67 MP: 8/8
  6287 | D:5      | Noticed Menkaure
  6301 | D:5      | Killed Menkaure
  6530 | D:5      | Noticed a kobold demonologist
  6538 | D:5      | Noticed a red devil
  6547 | D:5      | Noticed a smoke demon
  6549 | D:5      | Killed from afar by a smoke demon

Illustrated notes

Levels and vault maps discovered:
D:1:      minmay_arrival_pointy, layout_rooms
D:2:      cheibrodos_helix_gallery, layout_loops_corners,
          hellmonk_ecumenical_altar_prayer_group, st_stairs_11,
          bh_walls_and_bars, uniq_robin, uniq_sigmund
D:3:      layout_loops_ring, uniq_terence, uniq_jessica
D:4:      minmay_chambers_of_fours, layout_basic, hangedman_decor_points
D:5:      layout_cave_pods, serial_shops, shop, uniq_menkaure

Skill      XL: |  1  2  3  4  5  6  7 |
---------------+----------------------+-----
Maces & Flails | 2 3 4 |  4.8
Fighting       | 4 5 6 7 |  7.7
Armour         | 3 4 5 |  5.2
Shields        | |  2.6

Action                   |  1- 3 |  4- 6 |  7- 9 || total
-------------------------+-------+-------+-------++-------
Melee: Flail             |    66 |    98 |    98 ||   262
       Headbutt          |       |    31 |    29 ||    60
       Mace              |       |   130 |    44 ||   174
  Use: Scroll            |     2 |     7 |     2 ||    11
       Potion            |     1 |     1 |     3 ||     5
Armor: Scale mail        |    24 |    61 |       ||    85
       Chain mail        |       |   120 |   129 ||   249
       Skin              |       |       |    15 ||    15
Dodge: Dodged            |    26 |    93 |    63 ||   182
Block: Buckler           |    16 |    62 |    43 ||   121

Table legend: (Time is in decaauts)
 A = Elapsed time spent in this place.
 B = Non-inter-level travel time spent in this place.
 C = Inter-level travel time spent in this place.
 D = Time resting spent in this place.
 E = Time spent auto-exploring this place.
 F = Levels seen in this place.
 G = Mean time per level.
                   A        B        C        D        E       F      G
               +--------+--------+--------+--------+--------+-----+--------+
         Total |   6675 |   6588 |     87 |   1885 |   3345 |   5 | 1335.0 |
       Dungeon |   6675 |   6588 |     87 |   1885 |   3345 |   5 | 1335.0 |
               +--------+--------+--------+--------+--------+-----+--------+

Top non-repeatable levels by time:
     D:4: 1898 daAuts
     D:2: 1486 daAuts
     D:1: 1342 daAuts
     D:3: 1263 daAuts
     D:5: 684 daAuts
